| TOP OF THE 1ST |
|
Cedar Rapids Kernels batting - Pitching for Delmarva Shorebirds : RHP Matt Talaski
|
|
Pitching: RHP Matt Talaski
|
|
|
Batting: RHB Tim Carter
|
0-0: Ball 1-0: Ball 2-0: Ball 3-0: Foul Ball, location: 2F 3-1: Base on Balls
|
|
Batting: RHB Mike Buchanan
|
0-0: Called Strike 0-1: Foul Ball, location: 2F 0-2: Ball 1-2: Ball 2-2: DOUBLE (Line Drive, 78M, EV 100.6 MPH) Tim Carter to third
|
|
Batting: RHB Jose Almonte
|
0-0: Ball 1-0: 3-RUN HOME RUN (Line Drive, 78XD, EV 108.8 MPH), Distance : 413 ft
|
|
Batting: LHB Tomas Espino
|
0-0: Called Strike 0-1: Called Strike 0-2: Ball 1-2: Foul Ball, location: 2F 1-2: Fly out, F7 (Flyball, 7D, EV 83.1 MPH)
|
|
Batting: RHB Nick Phipps
|
0-0: Ball 1-0: Called Strike 1-1: Foul Ball, location: 2F 1-2: Foul Ball, location: 2F 1-2: Foul Ball, location: 2F 1-2: Foul Ball, location: 2F 1-2: Foul Ball, location: 2F 1-2: Strikes out looking
|
|
Batting: RHB Ruben Serrata
|
0-0: Ball 1-0: Called Strike 1-1: Called Strike 1-2: Foul Ball, location: 2F 1-2: Ball 2-2: Fly out, F8 (Flyball, 8RS, EV 85.0 MPH)
|
| Top of the 1st over - 3 runs, 2 hits, 0 errors, 0 left on base; Cedar Rapids 3 - Delmarva 0 |
| BOTTOM OF THE 1ST |
|
Delmarva Shorebirds batting - Pitching for Cedar Rapids Kernels : RHP Ruben Calderon
|
|
Pitching: RHP Ruben Calderon
|
|
|
Batting: RHB Josh Hopp
|
0-0: Ground out 6-3 (Groundball, 56D, EV 105.6 MPH)
|
|
Batting: LHB Sam Williams
|
0-0: Called Strike 0-1: Foul Ball, location: 2F 0-2: Ball 1-2: Foul Ball, location: 2F 1-2: SINGLE (Groundball, 4MD, EV 101.2 MPH)
|
|
Batting: RHB Ken Manser
|
0-0: Ball Sam Williams steals 2nd base 1-0: Ball 2-0: Ball 3-0: Called Strike 3-1: Base on Balls
|
|
Batting: SHB Carlos Carrillo
|
0-0: Foul Ball, location: 2F 0-1: Ball 1-1: Ball Passed Ball! Sam Williams to third Ken Manser to second 2-1: Ground out 4-3 (Groundball, 4, EV 83.8 MPH) Sam Williams scores Ken Manser to third
|
|
Batting: RHB C.J. Wells
|
0-0: Called Strike 0-1: Called Strike 0-2: Strikes out looking
|
| Bottom of the 1st over - 1 run, 1 hit, 0 errors, 1 left on base; Cedar Rapids 3 - Delmarva 1 |
| TOP OF THE 2ND |
|
Cedar Rapids Kernels batting - Pitching for Delmarva Shorebirds : RHP Matt Talaski
|
|
Batting: RHB Jose Gracia
|
0-0: Swinging Strike 0-1: Fly out, F4 (Popup, 3D, EV 57.5 MPH)
|
|
Batting: SHB Chris Hull
|
0-0: Swinging Strike 0-1: Foul Ball, location: 2F 0-2: Strikes out looking
|
|
Batting: RHB Steve Terrell
|
0-0: Ball 1-0: Foul Ball, location: 2F 1-1: Foul Ball, location: 2F 1-2: Strikes out swinging
|
| Top of the 2nd over - 0 runs, 0 hits, 0 errors, 0 left on base; Cedar Rapids 3 - Delmarva 1 |
| BOTTOM OF THE 2ND |
|
Delmarva Shorebirds batting - Pitching for Cedar Rapids Kernels : RHP Ruben Calderon
|
|
Batting: LHB Vinny Rivera
|
0-0: Ball 1-0: Ball 2-0: Fly out, F5 (Popup, 56S, EV 72.5 MPH)
|
|
Batting: SHB Eric Kelley
|
0-0: Foul Ball, location: 2F 0-1: Ball 1-1: Ball 2-1: Called Strike 2-2: Fly out, F8 (Flyball, 8RM, EV 95.0 MPH)
|
|
Batting: RHB Carlos Teniente
|
0-0: Called Strike 0-1: Ground out 5-3 (Groundball, 5S, EV 90.0 MPH)
|
| Bottom of the 2nd over - 0 runs, 0 hits, 0 errors, 0 left on base; Cedar Rapids 3 - Delmarva 1 |
| TOP OF THE 3RD |
|
Cedar Rapids Kernels batting - Pitching for Delmarva Shorebirds : RHP Matt Talaski
|
|
Batting: RHB Tim Carter
|
0-0: Called Strike 0-1: Foul Ball, location: 2F 0-2: Ball 1-2: Ball 2-2: Fly out, F7 (Flyball, 7S, EV 86.2 MPH)
|
|
Batting: RHB Mike Buchanan
|
0-0: Called Strike 0-1: Foul Ball, location: 2F 0-2: Ball 1-2: Foul Ball, location: 2F 1-2: Foul Ball, location: 2F 1-2: Foul Ball, location: 2F 1-2: Ball 2-2: Reached on error, E2 (Groundball, 15S, EV 60.0 MPH)
|
|
Batting: RHB Jose Almonte
|
0-0: Ball 1-0: Fielders Choice at 2nd, 6-4 (Groundball, 6, EV 108.8 MPH)
|
|
Batting: LHB Tomas Espino
|
0-0: Ball 1-0: Ball 2-0: Foul Ball, location: 2F 2-1: DOUBLE (Line Drive, 89D, EV 105.0 MPH) Jose Almonte to third Runner from 3rd tries for Home, SAFE, no throw by RF
|
|
Batting: RHB Nick Phipps
|
0-0: Ground out 5-3 (Groundball, 5L, EV 85.0 MPH)
|
| Top of the 3rd over - 1 run, 1 hit, 1 error, 1 left on base; Cedar Rapids 4 - Delmarva 1 |
| BOTTOM OF THE 3RD |
|
Delmarva Shorebirds batting - Pitching for Cedar Rapids Kernels : RHP Ruben Calderon
|
|
Batting: RHB Ruben Domingues
|
0-0: Ball 1-0: Ball 2-0: Ground out 6-3 (Groundball, 6, EV 78.1 MPH)
|
|
Batting: RHB Josh Hopp
|
0-0: Called Strike 0-1: Swinging Strike 0-2: Ball 1-2: Strikes out looking
|
|
Batting: LHB Sam Williams
|
0-0: Ball 1-0: Ball 2-0: Called Strike 2-1: Foul Ball, location: 2F 2-2: Foul Ball, location: 2F 2-2: Foul Ball, location: 2F 2-2: DOUBLE (Flyball, 8RXD, EV 106.2 MPH)
|
|
Batting: RHB Ken Manser
|
0-0: Ball 1-0: Fly out, F5 (Popup, 25F, EV 83.1 MPH)
|
| Bottom of the 3rd over - 0 runs, 1 hit, 0 errors, 1 left on base; Cedar Rapids 4 - Delmarva 1 |
| TOP OF THE 4TH |
|
Cedar Rapids Kernels batting - Pitching for Delmarva Shorebirds : RHP Matt Talaski
|
|
Batting: RHB Ruben Serrata
|
0-0: Called Strike 0-1: Ball 1-1: SINGLE (Flyball, 56D, EV 85.6 MPH)
|
|
Batting: RHB Jose Gracia
|
0-0: Called Strike 0-1: Foul Ball, location: 2F 0-2: Strikes out swinging
|
|
Batting: SHB Chris Hull
|
0-0: Called Strike 0-1: Swinging Strike 0-2: Ball 1-2: Strikes out swinging
|
|
Batting: RHB Steve Terrell
|
0-0: Foul Ball, location: 2F 0-1: Ball 1-1: Foul Ball, location: 2F 1-2: Foul Ball, location: 2F 1-2: Ground out 4-3 (Groundball, 4M, EV 88.1 MPH)
|
| Top of the 4th over - 0 runs, 1 hit, 0 errors, 1 left on base; Cedar Rapids 4 - Delmarva 1 |
| BOTTOM OF THE 4TH |
|
Delmarva Shorebirds batting - Pitching for Cedar Rapids Kernels : RHP Ruben Calderon
|
|
Batting: SHB Carlos Carrillo
|
0-0: Called Strike 0-1: Foul Ball, location: 2F 0-2: Ball 1-2: Reached on error, E4 (Groundball, 4S, EV 90.0 MPH)
|
|
Batting: RHB C.J. Wells
|
0-0: Ball 1-0: SINGLE (Line Drive, 4MD, EV 98.1 MPH) Carlos Carrillo to third
|
|
Batting: LHB Vinny Rivera
|
0-0: Foul Ball, location: 2F 0-1: Ball C.J. Wells steals 2nd base 1-1: SINGLE (Groundball, 34D, EV 103.8 MPH) Carlos Carrillo scores C.J. Wells to third Runner from 3rd tries for Home, SAFE, throw by RF to home
|
|
Batting: SHB Eric Kelley
|
0-0: Swinging Strike 0-1: Ball 1-1: Foul Ball, location: 2F 1-2: Ball 2-2: Fielders Choice at 2nd, 1-6 (Groundball, 34S, EV 63.8 MPH)
|
|
Batting: RHB Carlos Teniente
|
0-0: Ball 1-0: Ball 2-0: Ball 3-0: Base on Balls Eric Kelley to second
|
|
Batting: RHB Ruben Domingues
|
0-0: Called Strike 0-1: Foul Ball, location: 2F 0-2: Ball 1-2: Foul Ball, location: 2F 1-2: Ball 2-2: SINGLE (Line Drive, 9S, EV 105.0 MPH) Eric Kelley to third Carlos Teniente to second
|
|
Batting: RHB Josh Hopp
|
0-0: Foul Ball, location: 2F 0-1: Ball 1-1: Foul Ball, location: 2F 1-2: Strikes out swinging
|
|
Batting: LHB Sam Williams
|
0-0: Swinging Strike 0-1: Ball 1-1: Called Strike 1-2: Ball 2-2: Ball 3-2: Foul Ball, location: 2F 3-2: Base on Balls Eric Kelley scores Carlos Teniente to third Ruben Domingues to second
|
|
Batting: RHB Ken Manser
|
0-0: Ball 1-0: Ground out 5-3 (Groundball, 56S, EV 73.1 MPH)
|
| Bottom of the 4th over - 3 runs, 3 hits, 1 error, 3 left on base; Cedar Rapids 4 - Delmarva 4 |
| TOP OF THE 5TH |
|
Cedar Rapids Kernels batting - Pitching for Delmarva Shorebirds : RHP Matt Talaski
|
|
Batting: RHB Tim Carter
|
0-0: Foul Ball, location: 2F 0-1: Ball 1-1: Called Strike 1-2: Strikes out swinging
|
|
Batting: RHB Mike Buchanan
|
0-0: SINGLE (Groundball, 56, EV 98.1 MPH)
|
|
Batting: RHB Jose Almonte
|
0-0: Ball 1-0: SINGLE (Groundball, 6S, EV 65.6 MPH) (infield hit) Mike Buchanan to second
|
|
Batting: LHB Tomas Espino
|
0-0: Ball 1-0: Foul Ball, location: 2F 1-1: Ball 2-1: Called Strike 2-2: Strikes out swinging
|
|
Batting: RHB Nick Phipps
|
0-0: Called Strike 0-1: Fly out, F6 (Line Drive, 56, EV 66.2 MPH)
|
| Top of the 5th over - 0 runs, 2 hits, 0 errors, 2 left on base; Cedar Rapids 4 - Delmarva 4 |
| BOTTOM OF THE 5TH |
|
Delmarva Shorebirds batting - Pitching for Cedar Rapids Kernels : RHP Ruben Calderon
|
|
Batting: SHB Carlos Carrillo
|
0-0: Ball 1-0: Called Strike 1-1: Ball 2-1: Called Strike 2-2: Ball 3-2: Base on Balls
|
|
Pitching: RHP Cody Bryant
|
|
|
Batting: RHB C.J. Wells
|
0-0: 2-RUN HOME RUN (Flyball, 7D, EV 95.6 MPH), Distance : 365 ft
|
|
Batting: LHB Vinny Rivera
|
0-0: Ball 1-0: Fly out, F7 (Flyball, 78D, EV 81.9 MPH)
|
|
Batting: SHB Eric Kelley
|
0-0: Swinging Strike 0-1: Fly out, F9 (Flyball, 9, EV 86.2 MPH)
|
|
Batting: RHB Carlos Teniente
|
0-0: Ball 1-0: Called Strike 1-1: Fly out, F3 (Line Drive, 34, EV 71.9 MPH)
|
| Bottom of the 5th over - 2 runs, 1 hit, 0 errors, 0 left on base; Cedar Rapids 4 - Delmarva 6 |
| TOP OF THE 6TH |
|
Cedar Rapids Kernels batting - Pitching for Delmarva Shorebirds : RHP Matt Talaski
|
|
Batting: RHB Ruben Serrata
|
0-0: Called Strike 0-1: Called Strike 0-2: Strikes out swinging
|
|
Batting: RHB Jose Gracia
|
0-0: Ball 1-0: Foul Ball, location: 2F 1-1: Swinging Strike 1-2: Strikes out swinging
|
|
Batting: SHB Chris Hull
|
0-0: Ball 1-0: Foul Ball, location: 2F 1-1: Hit by Pitch
|
|
Batting: RHB Steve Terrell
|
0-0: Foul Ball, location: 2F 0-1: Ball 1-1: Swinging Strike 1-2: Ball 2-2: SINGLE (Flyball, 6MD, EV 88.1 MPH) Chris Hull to second
|
|
Batting: RHB Tim Carter
|
0-0: Fly out, F9 (Flyball, 89S, EV 76.9 MPH)
|
| Top of the 6th over - 0 runs, 1 hit, 0 errors, 2 left on base; Cedar Rapids 4 - Delmarva 6 |
| BOTTOM OF THE 6TH |
|
Delmarva Shorebirds batting - Pitching for Cedar Rapids Kernels : RHP Cody Bryant
|
|
Batting: RHB Ruben Domingues
|
0-0: Ball 1-0: Called Strike 1-1: Called Strike 1-2: Fly out, F3 (Popup, 3SF, EV 78.8 MPH)
|
|
Batting: RHB Josh Hopp
|
0-0: Ball 1-0: Called Strike 1-1: Ball 2-1: Ball 3-1: Called Strike 3-2: Base on Balls
|
|
Batting: LHB Sam Williams
|
0-0: Ball 1-0: Ball Josh Hopp steals 2nd base 2-0: Foul Ball, location: 2F 2-1: Foul Ball, location: 2F 2-2: Foul Ball, location: 2F 2-2: Strikes out swinging
|
|
Batting: RHB Ken Manser
|
0-0: Ground out U3 (Groundball, 34, EV 103.1 MPH)
|
| Bottom of the 6th over - 0 runs, 0 hits, 0 errors, 1 left on base; Cedar Rapids 4 - Delmarva 6 |
| TOP OF THE 7TH |
|
Cedar Rapids Kernels batting - Pitching for Delmarva Shorebirds : RHP Matt Talaski
|
|
Batting: RHB Mike Buchanan
|
0-0: Foul Ball, location: 2F 0-1: Ball 1-1: Foul Ball, location: 2F 1-2: SINGLE (Line Drive, 89S, EV 105.6 MPH)
|
|
Pitching: LHP Lawson Noseworthy
|
|
|
Batting: RHB Jose Almonte
|
0-0: Foul Ball, location: 2F 0-1: SINGLE (Line Drive, 9LS, EV 105.6 MPH) Mike Buchanan to second
|
|
Batting: LHB Tomas Espino
|
0-0: Ball 1-0: Called Strike 1-1: Ball 2-1: Foul Ball, location: 2F 2-2: 3-RUN HOME RUN (Flyball, 9D, EV 100.0 MPH), Distance : 399 ft
|
|
Batting: RHB Nick Phipps
|
0-0: Called Strike 0-1: Ball 1-1: Called Strike 1-2: Foul Ball, location: 2F 1-2: Ball 2-2: Foul Ball, location: 2F 2-2: Foul Ball, location: 2F 2-2: Foul Ball, location: 2F 2-2: Ball 3-2: Foul Ball, location: 2F 3-2: Foul Ball, location: 2F 3-2: Strikes out swinging
|
|
Batting: RHB Ruben Serrata
|
0-0: Called Strike 0-1: Ball 1-1: Ball 2-1: Foul Ball, location: 2F 2-2: Strikes out swinging
|
|
Batting: RHB Jose Gracia
|
0-0: Ball 1-0: Foul Ball, location: 2F 1-1: Reached on error, E6 (Groundball, 6M, EV 110.0 MPH)
|
|
Batting: SHB Chris Hull
|
0-0: Ball 1-0: Foul Ball, location: 2F 1-1: Called Strike 1-2: Foul Ball, location: 2F 1-2: Ball 2-2: Ground out 4-3 (Groundball, 34, EV 91.9 MPH)
|
| Top of the 7th over - 3 runs, 3 hits, 1 error, 1 left on base; Cedar Rapids 7 - Delmarva 6 |
| BOTTOM OF THE 7TH |
|
Delmarva Shorebirds batting - Pitching for Cedar Rapids Kernels : RHP Cody Bryant
|
|
Pitching: RHP Andy Symons
|
|
|
Batting: SHB Carlos Carrillo
|
0-0: Swinging Strike 0-1: Foul Ball, location: 2F 0-2: Ball 1-2: Fly out, F8 (Flyball, 78D, EV 111.2 MPH)
|
|
Batting: RHB C.J. Wells
|
0-0: Ball 1-0: Ball 2-0: Ball 3-0: Base on Balls
|
|
Batting: LHB Vinny Rivera
|
0-0: Called Strike 0-1: SINGLE (Groundball, 3D, EV 102.5 MPH) C.J. Wells to second Runner from 2nd tries for 3rd, SAFE, throw by RF made at trailing runner, OUT! 9-6
|
|
Batting: SHB Eric Kelley
|
0-0: Swinging Strike 0-1: Foul Ball, location: 2F 0-2: Ball 1-2: Foul Ball, location: 2F 1-2: Strikes out swinging
|
| Bottom of the 7th over - 0 runs, 1 hit, 0 errors, 1 left on base; Cedar Rapids 7 - Delmarva 6 |
| TOP OF THE 8TH |
|
Cedar Rapids Kernels batting - Pitching for Delmarva Shorebirds : LHP Lawson Noseworthy
|
|
Batting: RHB Steve Terrell
|
0-0: Ball 1-0: Called Strike 1-1: Ball 2-1: Ball 3-1: Base on Balls
|
|
Batting: RHB Tim Carter
|
0-0: Bunted foul 0-1: Bunted foul 0-2: DOUBLE (Flyball, 8RXD, EV 103.8 MPH) Steve Terrell to third Runner from 3rd tries for Home, SAFE, no throw by CF
|
|
Pitching: RHP Brent Widder
|
|
|
Batting: RHB Mike Buchanan
|
0-0: Ground out U3 (Groundball, 34, EV 108.1 MPH) Tim Carter to third
|
|
Batting: RHB Jose Almonte
|
0-0: Called Strike 0-1: Called Strike 0-2: Ball 1-2: Foul Ball, location: 2F 1-2: Strikes out swinging
|
|
Batting: LHB Tomas Espino
|
0-0: Foul Ball, location: 2F 0-1: Called Strike 0-2: Ball 1-2: Ball 2-2: Foul Ball, location: 2F 2-2: Strikes out looking
|
| Top of the 8th over - 1 run, 1 hit, 0 errors, 1 left on base; Cedar Rapids 8 - Delmarva 6 |
| BOTTOM OF THE 8TH |
|
Delmarva Shorebirds batting - Pitching for Cedar Rapids Kernels : RHP Andy Symons
|
|
Batting: RHB Carlos Teniente
|
0-0: Called Strike 0-1: SINGLE (Flyball, 3D, EV 93.1 MPH)
|
|
Pinch Hitting: LHB Xue-liang Zhou
|
0-0: Ball 1-0: Ball 2-0: Ball 3-0: Base on Balls Carlos Teniente to second
|
|
Batting: RHB Josh Hopp
|
0-0: Ball 1-0: Sac Bunt to 3S - play at first, batter safe! Carlos Teniente to third Xue-liang Zhou to second
|
|
Batting: LHB Sam Williams
|
0-0: Foul Ball, location: 2F 0-1: Ball 1-1: Ball 2-1: Ball 3-1: Foul Ball, location: 2F 3-2: Base on Balls Carlos Teniente scores Xue-liang Zhou to third Josh Hopp to second
|
|
Batting: RHB Ken Manser
|
0-0: Swinging Strike 0-1: SINGLE (Line Drive, 89M, EV 107.5 MPH) Xue-liang Zhou scores Josh Hopp to third Sam Williams to second
|
|
Batting: SHB Carlos Carrillo
|
0-0: Ball 1-0: Called Strike 1-1: Ball 2-1: Fly out, F2 (Popup, 2LF, EV 91.9 MPH)
|
|
Batting: RHB C.J. Wells
|
0-0: Ball 1-0: Foul Ball, location: 2F 1-1: Called Strike 1-2: Strikes out swinging
|
|
Batting: LHB Vinny Rivera
|
0-0: Foul Ball, location: 2F 0-1: Ball 1-1: Swinging Strike 1-2: Fly out, F9 (Flyball, 9D, EV 103.1 MPH)
|
| Bottom of the 8th over - 2 runs, 3 hits, 0 errors, 3 left on base; Cedar Rapids 8 - Delmarva 8 |
| TOP OF THE 9TH |
|
Cedar Rapids Kernels batting - Pitching for Delmarva Shorebirds : RHP Brent Widder
|
|
Now at 1B: Xue-liang Zhou
|
|
|
Now in LF: Josh Hopp
|
|
|
Batting: RHB Nick Phipps
|
0-0: Swinging Strike 0-1: Foul Ball, location: 2F 0-2: Foul Ball, location: 2F 0-2: Strikes out looking
|
|
Batting: RHB Ruben Serrata
|
0-0: Called Strike 0-1: Ball 1-1: Swinging Strike 1-2: Strikes out swinging
|
|
Batting: RHB Jose Gracia
|
0-0: Ground out 4-3 (Groundball, 4, EV 82.5 MPH)
|
| Top of the 9th over - 0 runs, 0 hits, 0 errors, 0 left on base; Cedar Rapids 8 - Delmarva 8 |
| BOTTOM OF THE 9TH |
|
Delmarva Shorebirds batting - Pitching for Cedar Rapids Kernels : RHP Andy Symons
|
|
Pitching: RHP Pat Adams
|
|
|
Batting: SHB Eric Kelley
|
0-0: Ball 1-0: Ball 2-0: Ball 3-0: Base on Balls
|
|
Batting: RHB Carlos Teniente
|
0-0: Ball 1-0: Called Strike 1-1: Ball 2-1: Called Strike 2-2: Strikes out swinging
|
|
Batting: LHB Xue-liang Zhou
|
0-0: Called Strike 0-1: Ball 1-1: Ball 2-1: Grounds into double play, 5-4-3 (Groundball, 56, EV 90.0 MPH)
|
| Bottom of the 9th over - 0 runs, 0 hits, 0 errors, 0 left on base; Cedar Rapids 8 - Delmarva 8 |
| TOP OF THE 10TH |
|
Cedar Rapids Kernels batting - Pitching for Delmarva Shorebirds : RHP Brent Widder
|
|
Pitching: RHP Harley Hyde
|
|
|
Batting: SHB Chris Hull
|
0-0: Ball 1-0: Foul Ball, location: 2F 1-1: Foul Ball, location: 2F 1-2: Foul Ball, location: 2F 1-2: Foul Ball, location: 2F 1-2: Ball 2-2: Foul Ball, location: 2F 2-2: Strikes out looking
|
|
Batting: RHB Steve Terrell
|
0-0: SINGLE (Groundball, 6MD, EV 108.8 MPH)
|
|
Batting: RHB Tim Carter
|
0-0: Fly out, F7 (Flyball, 7D, EV 83.8 MPH)
|
|
Batting: RHB Mike Buchanan
|
0-0: DOUBLE (Line Drive, 7LS, EV 100.6 MPH) Steve Terrell to third
|
|
Batting: RHB Jose Almonte
|
0-0: Swinging Strike 0-1: Swinging Strike 0-2: Ball 1-2: Ball Wild Pitch! Steve Terrell scores Mike Buchanan to third 2-2: Ball 3-2: Fly out, F5 (Popup, 25F, EV 85.0 MPH)
|
| Top of the 10th over - 1 run, 2 hits, 0 errors, 1 left on base; Cedar Rapids 9 - Delmarva 8 |
| BOTTOM OF THE 10TH |
|
Delmarva Shorebirds batting - Pitching for Cedar Rapids Kernels : RHP Pat Adams
|
|
Pitching: RHP Steven Legge
|
|
|
Now in LF: Steve Terrell
|
|
|
Now in RF: Ton van Dijk
|
|
|
Batting: RHB Josh Hopp
|
0-0: Ball 1-0: Ball 2-0: Foul Ball, location: 2F 2-1: Foul Ball, location: 2F 2-2: Foul Ball, location: 2F 2-2: Ball 3-2: Foul Ball, location: 2F 3-2: Ground out 6-3 (Groundball, 6M, EV 88.1 MPH)
|
|
Batting: LHB Sam Williams
|
0-0: Fly out, F9 (Flyball, 9LS, EV 82.5 MPH)
|
|
Batting: RHB Ken Manser
|
0-0: Ball 1-0: Ground out 6-3 (Groundball, 6, EV 80.0 MPH)
|
| Bottom of the 10th over - 0 runs, 0 hits, 0 errors, 0 left on base; Cedar Rapids 9 - Delmarva 8 |
|